 Dungeon Crawl Stone Soup version 0.31-a0-574-g69dc8cc98e (webtiles) character file.

Game seed: 17483231952855167217

79 motkurizz the Digger (level 4, -4/30 HPs)
             Began as a Formicid Earth Elementalist on Aug 18, 2023.
             Slain by an iguana (14 damage)
             ... on level 3 of the Dungeon.
             The game lasted 00:07:33 (1701 turns).

motkurizz the Digger (Formicid Earth Elementalist)  Turns: 1701, Time: 00:07:34

Health: -4/30      AC:  2    Str: 13    XL:     4   Next: 62%
Magic:  4/8        EV:  9    Int: 14    God:
Gold:   80         SH:  0    Dex: 16    Spells: 2/8 levels left

rFire   + . .        a - +0 sling
rCold   + . .        (no shield)
rNeg    . . .        t - +0 robe {rC+ rF+}
rPois   .            (helmet unavailable)
rElec   .            (no cloak)
rCorr   .            (no gloves)
SInv    +            (no boots)
Will    .....        (no amulet)
Stlth   ++           (no ring)
HPRegen 0.25/turn    (no ring)
MPRegen 0.11/turn

%: no passive effects
@: constricted
A: permanent stasis, dig shafts and tunnels, antennae 3, four strong arms
a: Dig, Shaft Self


You were on level 3 of the Dungeon.
You visited 1 branch of the dungeon, and saw 3 of its levels.

You collected 80 gold pieces.

Inventory:

Hand Weapons
 a - a +0 sling (weapon)
 b - a +0 whip of venom
 e - a +0 dagger
 g - a +0 hand axe
 j - a +0 falchion
 k - a +1 antimagic hand axe
Missiles
 l - 3 silver javelins
Armour
 f - a +0 robe
 o - a +1 scale mail of cold resistance
 t - a +0 robe of resistance (worn)
Scrolls
 d - a scroll of enchant armour {unknown}
 h - a scroll of identify
 i - a scroll of poison {unknown}
 p - a scroll of teleportation {unknown}
 q - a scroll of amnesia {unknown}
 r - a scroll of fog {unknown}
 s - a scroll of blinking {unknown}
Potions
 c - a potion of magic
 n - a potion of haste {unknown}


   Skills:
 - Level 1.7 Dodging
 + Level 2.4 Stealth
 + Level 2.9 Spellcasting
 + Level 0.4 Conjurations
 - Level 1.1 Transmutations
 * Level 5.4 Earth Magic


You had 2 spell levels left.
You knew the following spells:

 Your Spells              Type           Power      Damage    Failure   Level
a - Passwall              Tmut/Erth      9%         N/A       9%          2
f - Sandblast             Erth           34%        2d9       2%          1
g - Stone Arrow           Conj/Erth      20%        3d8       19%         3

Your spell library contained the following spells:

 Spells                   Type           Power      Damage    Failure   Level
 Wereblood                Tmut           5%         N/A       21%         2
 Petrify                  Tmut/Erth      11%        N/A       50%         4
 Irradiate                Conj/Tmut      2%         3d12      99%         5
 Conjure Ball Lightning   Conj/Air       1%         3x3d6     100%        6
 Discord                  Hex            1%         N/A       100%        8
 Disjunction              Tloc           1%         N/A       100%        8


Dungeon Overview and Level Annotations

Branches:
Dungeon (3/15)

Altars:
Nemelex Xobeh

Annotations:
D:2 exclusion: downstairs


Innate Abilities, Weirdness & Mutations

You cannot be hasted, slowed, berserked, paralysed or teleported.
You can dig through walls and to a lower floor.
You have a pair of large antennae on your head. (SInv)
Your four strong arms can wield two-handed weapons with a shield.


Message History

Confirm with . or Enter, or press ? or * to list all spells.
Aiming: Sandblast (safe; 2% risk of failure)
Press: ? - help, Shift-Dir - straight line, f/p - iguana
Aim: an iguana (lightly wounded, 84% to hit)
The blast of sand hits the iguana.
The iguana is moderately wounded.
The ball python hisses angrily.
Casting: Sandblast (safe; 2% risk of failure)
Confirm with . or Enter, or press ? or * to list all spells.
Aiming: Sandblast (safe; 2% risk of failure)
Press: ? - help, Shift-Dir - straight line, f/p - iguana
Aim: an iguana (moderately wounded, 84% to hit)
The blast of sand hits the iguana.
The iguana is heavily wounded.
Casting: Sandblast (safe; 2% risk of failure)
Confirm with . or Enter, or press ? or * to list all spells.
Aiming: Sandblast (safe; 2% risk of failure)
Press: ? - help, Shift-Dir - straight line, f/p - iguana
Aim: an iguana (heavily wounded, 84% to hit)
The blast of sand hits the iguana.
The iguana is severely wounded.
The iguana bites you! The ball python barely misses you.
The ball python grabs you. The ball python constricts you.
Casting: Sandblast (safe; 2% risk of failure)
Confirm with . or Enter, or press ? or * to list all spells.
Aiming: Sandblast (safe; 2% risk of failure)
Press: ? - help, Shift-Dir - straight line, f/p - iguana
Aim: an iguana (severely wounded, 84% to hit)
The blast of sand misses the iguana.
The ball python closely misses you. The ball python constricts you.
The iguana barely misses you. The ball python barely misses you.
The ball python constricts you. The iguana bites you!
* * * LOW HITPOINT WARNING * * *
Okay, then.
You aren't carrying any items that you can evoke.
Unknown command.
Okay, then.
You feel better. The ball python bites you. The ball python constricts you.
The iguana bites you!
You die...

....# ....# ....#
.....# #)..# ....#
#...# ....### #...#
......### #lS.#
###...#...###@..#
#<#..........#### ##
#.#........#..# ..#
#..........##.# ..#
####.......
#.###.._# #..#####
#...#...# #..#
####.....#
###..######........#
........##........#


You could see an iguana and a ball python.

Vanquished Creatures
  An adder (D:2)
  A worm (D:2)
  3 dart slugs
  5 endoplasms
  3 giant cockroaches
  5 hobgoblins
  6 jackals
  2 quokkas
  7 ball pythons
  5 bats
  4 frilled lizards (D:1)
  5 goblins
  4 kobolds
  4 rats
55 creatures vanquished.

Notes
Turn   | Place    | Note
-------+----------+-------------------------------------------
     0 | D:1      | motkurizz the Formicid Earth Elementalist began the quest
                  | for the Orb.
     0 | D:1      | Reached XP level 1. HP: 13/13 MP: 3/3
    95 | D:1      | Reached skill level 4 in Earth Magic
    98 | D:1      | Reached XP level 2. HP: 17/19 MP: 0/5
   644 | D:1      | Reached XP level 3. HP: 24/24 MP: 4/6
   968 | D:1      | Reached skill level 5 in Earth Magic
  1196 | D:2      | Reached XP level 4. HP: 30/30 MP: 6/8
  1216 | D:2      | Learned a level 3 spell: Stone Arrow
  1597 | D:2      | Learned a level 2 spell: Passwall
  1681 | D:3      | Found a sparkling altar of Nemelex Xobeh.
  1701 | D:3      | Slain by an iguana

Illustrated notes

Levels and vault maps discovered:
D:1:      lightli_arrival_chessboard, layout_loops_cross, minmay_pentomino_w2
D:2:      layout_basic
D:3:      layout_basic, tgw_fedhas, overflow_temple_1_default, uniq_terence,
          uniq_jessica

Skill      XL: |  1  2  3 |
---------------+----------+-----
Earth Magic    | 4 5 |  5.4
Dodging        | |  1.7
Stealth        | |  2.4
Spellcasting   | |  2.9
Conjurations   | |  0.4
Transmutations | |  1.1

Action                     |  1- 3 |  4- 6 || total
---------------------------+-------+-------++-------
  Melee: Falchion          |     3 |       ||     3
   Fire: Sling             |    41 |    27 ||    68
   Cast: Sandblast         |    32 |    22 ||    54
    Use: Scroll            |       |     1 ||     1
         Potion            |       |     1 ||     1
 Armour: Robe              |     2 |     2 ||     4
  Dodge: Dodged            |     9 |    20 ||    29

Table legend: (Time is in decaauts)
 A = Elapsed time spent in this place.
 B = Non-inter-level travel time spent in this place.
 C = Inter-level travel time spent in this place.
 D = Time resting spent in this place.
 E = Time spent auto-exploring this place.
 F = Levels seen in this place.
 G = Mean time per level.
                   A        B        C        D        E       F      G
               +--------+--------+--------+--------+--------+-----+--------+
         Total |   1755 |   1628 |    127 |     82 |    934 |   3 |  585.0 |
       Dungeon |   1755 |   1628 |    127 |     82 |    934 |   3 |  585.0 |
               +--------+--------+--------+--------+--------+-----+--------+

Top non-repeatable levels by time:
     D:1: 1057 daAuts
     D:2: 630 daAuts
     D:3: 66 daAuts
